 Dungeon Crawl Stone Soup version 0.31-a0-836-g3ceb0a68c4 (webtiles) character file.

Game seed: 5739317695866470735

83 AiryTheDragon the Ruffian (level 4, 0/34 HPs)
             Began as a Demonspawn Gladiator on Sept 26, 2023.
             Was a Follower of Vehumet.
             Succumbed to Ijyb's poison
             ... on level 3 of the Dungeon on Sept 27, 2023.
             The game lasted 00:17:54 (2184 turns).

AiryTheDragon the Ruffian (Demonspawn Gladiator)    Turns: 2184, Time: 00:17:54

Health: 0/34       AC: 11    Str: 16    XL:     4   Next: 22%
Magic:  4/4        EV: 10    Int: 10    God:    Vehumet [*.....]
Gold:   89         SH:  0    Dex: 14    Spells: 2/3 levels left

rFire   . .          .
                       - Unarmed
rCold   . . .        (no shield)
rNeg    . . .        m - +0 scale mail
rPois   .            b - +0 helmet
rElec   .            (no cloak)
rCorr   .            (no gloves)
SInv    .            (no boots)
Will    +....        (no amulet) Stlth
                     p - +4 ring of protection
HPRegen 0.25/turn    (no ring)
MPRegen 0.09/turn

%: no passive effects
@: lethally poisoned (0 -> -19), enlightened, flying, invisible
A: weakness stinger 2
a: Renounce Religion


You were on level 3 of the Dungeon.
You worshipped Vehumet.
Vehumet was aware of your devotion.
You visited 1 branch of the dungeon, and saw 3 of its levels.

You collected 89 gold pieces.

Inventory:

Missiles
 c - 3 throwing nets (quivered)
 d - a javelin
 n - 6 boomerangs
Armour
 a - a +0 leather armour
 b - a +0 helmet (worn)
 f - a +0 ring mail
 m - a +0 scale mail (worn)
 o - a +0 hat
Magical Staves
 r - a staff of earth
Jewellery
 g - a ring of ice
 p - a +4 ring of protection (left hand)
Talismans
 s - a blade talisman
Scrolls
 e - 2 scrolls of identify
 i - a scroll of blinking
 j - a scroll of vulnerability {unknown}
 l - 2 scrolls of fog {unknown}
 q - 2 scrolls of teleportation {unknown}
Potions
 k - 2 potions of enlightenment


   Skills:
 + Level 2.5 Fighting
 + Level 2.0 Throwing
 + Level 1.2 Armour
 + Level 2.8 Dodging
 + Level 0.4 Stealth
 + Level 3.7 Unarmed Combat


You had 2 spell levels left.
You knew the following spells:

 Your Spells              Type           Power      Damage    Failure   Level
a - Foxfire               Conj/Fire      0%         2x1d4     80%         1

Your spell library contained the following spells:

 Spells                   Type           Power      Damage    Failure   Level
 Tukima's Dance           Hex            0%         N/A       99%         3
 Dimensional Bullseye     Hex/Tloc       0%         N/A       100%        4
 Iskenderun's Mystic Bla  Conj/Tloc      0%         2d3       100%        4


Dungeon Overview and Level Annotations

Branches:
Dungeon (3/15)

Altars:
Vehumet
Xom

Shops:
D:2 (

Annotations:
D:3 Ijyb


Innate Abilities, Weirdness & Mutations

You have a tail ending in a sharp stinger.


Message History

Ijyb hits you with a +2 dagger of venom.
You hit Ijyb but do no damage. You punch Ijyb, but do no damage.
Ijyb is moderately wounded.
You feel sick. The endoplasm barely misses you. Ijyb barely misses you.
You closely miss Ijyb.
Ijyb is moderately wounded.
You feel sick. The endoplasm freezes you.
You are frozen.
Ijyb hits you but does no damage.
You are more poisoned.
You closely miss Ijyb.
Ijyb is moderately wounded.
You feel sick.
You barely miss Ijyb.
Ijyb is moderately wounded.
You feel sick. The endoplasm closely misses you. Ijyb closely misses you.
You hit Ijyb but do no damage.
Ijyb is moderately wounded.
You feel sick. The endoplasm barely misses you.
Ijyb hits you with a +2 dagger of venom.
You are lethally poisoned!
It was a potion of enlightenment.
You feel very buoyant.
You fly up into the air.
You feel very sick. The endoplasm freezes you.
You are frozen.
* * * LOW HITPOINT WARNING * * *
Ijyb zaps a wand.
You resist with almost no effort.
It was a potion of invisibility.
You fade into invisibility!
* * * LOW HITPOINT WARNING * * *
You feel very sick.
The endoplasm hits you but does no damage.
Ijyb hits you but does no damage.
You are more poisoned.
As you read the scroll labelled AFIZEA GALEFROJUJ, it crumbles to dust.
It is a scroll of identify.
i - a scroll of blinking You die...

#.######.#
#.##..####.#
#.#......# #
#..# #...
#.#.###### #..#
#..#
####..#.#####
#..# #...
#...[###....#
##..# #.)#
#.##..#.###.#
#...###.## #
#..[.###.##
#........#
#.......>.###
#.#####.#.
##...###@...#
#.##
##.....gJ#.....
#.##
#.............
#.##
#..###........
..## #..#
#.#.###.# ####
#..# #.#.# #
#..# #.#.#
....#


You could see Ijyb (unable to see you) and an endoplasm.

Vanquished Creatures
  An adder (D:3)
  A worm (D:3)
  A dart slug (D:1)
  6 endoplasms
  6 giant cockroaches
  4 goblins
  5 hobgoblins
  5 jackals (D:1)
  3 quokkas
  8 ball pythons
  4 bats
  5 frilled lizards
  6 kobolds
  9 rats
64 creatures vanquished.

Vanquished Creatures (others)
  A foxfire (D:3)
1 creature vanquished.

Grand Total: 65 creatures vanquished

Notes
Turn   | Place    | Note
-------+----------+-------------------------------------------
     0 | D:1      | AiryTheDragon the Demonspawn Gladiator began the quest for
                  | the Orb.
     0 | D:1      | Reached XP level 1. HP: 16/16 MP: 1/1
   129 | D:1      | Gained mutation: You have a small tail. [demonic ancestry]
   129 | D:1      | Reached XP level 2. HP: 15/22 MP: 2/2
   147 | D:1      | Reached skill level 3 in Unarmed Combat
   406 | D:1      | Gained mutation: You have a tail ending in a sharp stinger.
                  | [demonic ancestry]
   406 | D:1      | Reached XP level 3. HP: 28/28 MP: 3/3
   648 | D:1      | You fall into a shaft and drop 1 floor!
   998 | D:2      | Found a shimmering altar of Xom.
  1332 | D:2      | Found a faded altar of an unknown god.
  1335 | D:2      | Prayed at the altar of an unknown god.
  1335 | D:2      | Became a worshipper of Vehumet
  1335 | D:2      | Reached * piety under Vehumet
  1335 | D:2      | Offered knowledge of Foxfire by Vehumet.
  1339 | D:2      | Learned a level 1 spell: Foxfire
  1361 | D:2      | Found Siahepp's Antique Weapon Emporium.
  1854 | D:3      | Reached XP level 4. HP: 34/34 MP: 4/4
  2089 | D:3      | Reached skill level 1 in Armour
  2173 | D:3      | Noticed Ijyb
  2184 | D:3      | Succumbed to Ijyb's poison

Illustrated notes

Levels and vault maps discovered:
D:1:      dpeg_arrival_yet_another_circle, layout_loops_ring,
          minmay_misc_feat_nine_boxes
D:2:      layout_loops_ring, basic_altar, shapermc_ecumenical_altar_mp_vishouse,
          serial_shops, shop, st_stairs_10
D:3:      cheibrodos_greedy_goblins, layout_loops_ring,
          kennysheep_generic_room_13, uniq_ijyb

Skill      XL: |  1  2  3  4 |
---------------+-------------+-----
Unarmed Combat | 3 |  3.7
Throwing       | 2 |  2.0
Armour         | 1 |  1.2
Fighting       | |  2.5
Dodging        | |  2.8
Stealth        | |  0.4

Action                     |  1- 3 |  4- 6 || total
---------------------------+-------+-------++-------
  Melee: Unarmed           |   198 |    20 ||   218
         Tailslap          |    16 |     3 ||    19
         Punch             |     4 |     1 ||     5
   Cast: Foxfire           |       |     1 ||     1
    Use: Potion            |       |     2 ||     2
         Scroll            |       |     1 ||     1
 Armour: Leather armour    |    20 |       ||    20
         Ring mail         |    64 |       ||    64
         Scale mail        |     9 |    11 ||    20
  Dodge: Dodged            |    86 |    10 ||    96

Table legend: (Time is in decaauts)
 A = Elapsed time spent in this place.
 B = Non-inter-level travel time spent in this place.
 C = Inter-level travel time spent in this place.
 D = Time resting spent in this place.
 E = Time spent auto-exploring this place.
 F = Levels seen in this place.
 G = Mean time per level.
                   A        B        C        D        E       F      G
               +--------+--------+--------+--------+--------+-----+--------+
         Total |   2170 |   2060 |    110 |      0 |   1527 |   3 |  723.3 |
       Dungeon |   2170 |   2060 |    110 |      0 |   1527 |   3 |  723.3 |
               +--------+--------+--------+--------+--------+-----+--------+

Top non-repeatable levels by time:
     D:1: 927 daAuts
     D:2: 791 daAuts
     D:3: 451 daAuts
